 Dungeon Crawl Stone Soup version 0.31-a0-848-gaac375c287 (webtiles) character file.

Game seed: 16377128967300401595

5912 DroidLikeDroid the Severer (level 10, -2/86 HPs)
             Began as a Hill Orc Fighter on Oct 5, 2023.
             Was a High Priest of Okawaru.
             Slain by a skeletal warrior
             ... wielding a +0 glaive
              (9 damage)
             ... on level 12 of the Dungeon.
             The game lasted 00:16:28 (9051 turns).

DroidLikeDroid the Severer (Hill Orc Fighter)       Turns: 9051, Time: 00:16:29

Health: -2/86      AC: 19    Str: 24    XL:     10   Next: 82%
Magic:  0/19       EV:  7    Int: 17    God:    Okawaru [*****.]
Gold:   384        SH:  5    Dex: 10    Spells: 9/9 levels left

rFire   . . .        k - +4 hand axe (elec)
rCold   . . .        c - +0 buckler
rNeg    . . .        L - +0 plate armour
rPois   .            E - +0 helmet
rElec   .            N - +1 cloak
rCorr   .            (no gloves)
SInv    .            F - +0 pair of boots
Will    .....        I - amulet of guardian spirit Stlth
                     s - ring of protection from cold
HPRegen 0.34/turn    C - ring "Zeagoiq" {Fly rC- MP+9 Int+9}
MPRegen 0.16/turn

%: guardian spirit
@: flying
A: no striking features
a: Renounce Religion, Heroism, Finesse, Duel


You were on level 12 of the Dungeon.
You worshipped Okawaru.
Okawaru was extremely pleased with you.
You visited 2 branches of the dungeon, and saw 11 of its levels.
You also visited: Ossuary.

You collected 516 gold pieces.
You spent 132 gold pieces at shops.

Inventory:

Hand Weapons
 a - a +0 war axe
 k - a +4 hand axe of electrocution (weapon)
 y - a +5 mace
Armour
 c - a +0 buckler (worn)
 E - a +0 helmet (worn)
 F - a +0 pair of boots (worn)
 L - a +0 plate armour (worn)
 N - a +1 cloak (worn)
Jewellery
 s - a ring of protection from cold (left hand)
 C - the ring "Zeagoiq" (right hand) {Fly rC- MP+9 Int+9}
   (You found it on level 5 of the Dungeon)

   [ring of flight]

   Int+9:     It affects your intelligence (+9).
   rC-:       It makes you vulnerable to cold.
   MP+9:      It affects your magic capacity (+9).
   Fly:       It grants you flight.
 D - a ring of protection from fire
 I - an amulet of guardian spirit (around neck)
Talismans
 r - a blade talisman
 K - a serpent talisman
Wands
 l - a wand of acid (8)
 B - a wand of roots (4)
Scrolls
 b - a scroll of identify
 g - 3 scrolls of noise
 i - 8 scrolls of teleportation
 j - a scroll of immolation {unknown}
 q - a scroll of amnesia {unknown}
 t - a scroll of torment {unknown}
 u - 3 scrolls of enchant armour
 w - 2 scrolls of fog {unknown}
 x - a scroll of revelation {unknown}
 G - a scroll of vulnerability {unknown}
 H - 2 scrolls of enchant weapon {unknown}
 J - a scroll of fear {unknown}
 M - a scroll of blinking {unknown}
Potions
 d - 2 potions of might
 e - 5 potions of brilliance
 f - 5 potions of lignification
 h - 2 potions of heal wounds {unknown}
 m - 3 potions of curing
 n - 4 potions of mutation
 o - 3 potions of haste {unknown}
 v - 2 potions of resistance {unknown}
 z - 3 potions of degeneration {unknown}
 A - a potion of invisibility {unknown}


   Skills:
 + Level 7.4 Fighting
 * Level 15.0 Axes
 + Level 8.8 Armour
 + Level 3.0 Dodging
 + Level 1.0 Stealth
 + Level 5.6 Shields
 + Level 0.2 Invocations


You had 9 spell levels left.
You didn't know any spells.
Your spell library contained the following spells:

 Spells                   Type           Power      Damage    Failure   Level
 Dazzling Flash           Conj/Hex       0%         N/A       100%        3
 Agony                    Necr           0%         N/A       100%        5
 Silence                  Hex/Air        0%         N/A       100%        5


Dungeon Overview and Level Annotations

Branches:
Dungeon (9/15)             Temple (1/1) D:4             Orc (0/2) D:9
Ossuary (visited)
   Lair: D:8-11

Altars:
Ashenzari
Cheibriados
Dithmenos
Elyvilon
Fedhas
Gozag
Hepliaklqana
Kikubaaqudgha
Makhleb
Nemelex Xobeh
Okawaru
Qazlal
Ru
Sif Muna
Trog
Uskayaw
Vehumet
Wu Jian
Xom
Yredelemnul
Zin
The Shining One

Shops:
D:1 (   D:9 ?

Annotations:
D:3 1 runed translucent door, Crazy Yiuf
D:7 1 runed translucent door, TheScarfBastard's ghost, novice DrBe


Message History

The howler monkey hits you but does no damage.
A howler monkey comes into view.
The cyan ugly thing attacks as it pursues you!
You block the cyan ugly thing's attack.
The howler monkey attacks as it pursues you!
The howler monkey barely misses you.
The cyan ugly thing attacks as it pursues you!
The cyan ugly thing kicks you but does no damage.
The howler monkey barely misses you.
The howler monkey attacks as it pursues you!
The howler monkey barely misses you.
The howler monkey hoots and howls with incredible vigour!
The cyan ugly thing kicks you! The cyan ugly thing shocks you!
The cyan ugly thing attacks as it pursues you!
The cyan ugly thing kicks you but does no damage.
The howler monkey hoots and howls with incredible vigour!
The howler monkey hoots and howls with incredible vigour!
The howler monkey hoots and howls with incredible vigour!
The cyan ugly thing kicks you. The cyan ugly thing shocks you!
* * * LOW HITPOINT WARNING * * *
The cyan ugly thing attacks as it pursues you!
You block the cyan ugly thing's attack.
As you read the scroll of teleportation, it crumbles to dust.
You feel strangely unstable.
The cyan ugly thing kicks you but does no damage.
The howler monkey hoots and howls with incredible vigour!
The howler monkey hoots and howls with incredible vigour!
The cyan ugly thing attacks as it pursues you!
The cyan ugly thing kicks you.
* * * LOW HITPOINT WARNING * * *
The cyan ugly thing shocks you!
* * * LOW HITPOINT WARNING * * *
Your surroundings suddenly seem different. 4 skeletal warriors come into view.
A skeletal warrior is wielding a +1 heavy dire flail.
Found a robe.
Found a stone staircase leading up.
The skeletal warrior hits you with a +0 long sword.
* * * LOW HITPOINT WARNING * * *
The skeletal warrior hits you with a +0 glaive!
You die...

########################
................@.......
...............zzz...##.
#...##...####....z...#
#...##...# #........#
#...##...# #^.......##.#
#...##...# #.[......##.#
#...##...# #..<.....##.#
....##z..# #........##.#
....##...# #...##.#


You could see 4 skeletal warriors.

Vanquished Creatures
  Maurice (D:8)
  A shadow (D:9)
  2 wraiths (Ossuary)
  A slime creature (D:9)
  6 yaks (D:9)
  2 steam dragons
  3 water moccasins
  An acid dragon (D:9)
  A two-headed ogre zombie (D:9)
  4 orc warriors
  2 sky beasts (D:7)
  An ice beast (D:7)
  A black bear (D:8)
  An ogre (D:7)
  5 phantoms
  2 centaurs (D:9)
  2 kobold brigands
  A scorpion (D:4)
  A bullfrog (D:6)
  4 wights (Ossuary)
  3 troll zombies (D:9)
  4 killer bees (D:7)
  A howler monkey (D:9)
  5 hounds
  A jelly (D:4)
  8 orc priests
  A gnoll bouda (D:8)
  3 iguanas
  11 orc wizards
  4 ogre zombies (D:9)
  5 gnolls (D:8)
  10 adders
  A shadow imp (D:6)
  2 white imps
  An ufetubus (D:7)
  2 dart slugs
  30 orcs
  5 endoplasms
  5 giant cockroaches
  10 goblins
  4 hobgoblins
  2 jackals (D:5)
  2 quokkas
  10 ball pythons
  A ball python skeleton (Ossuary)
  9 bats
  2 frilled lizards
  A goblin skeleton (D:9)
  3 goblin zombies (D:9)
  A hobgoblin skeleton (Ossuary)
  4 hobgoblin zombies
  14 kobolds
  4 orc skeletons (D:9)
  16 orc zombies
  9 rats
236 creatures vanquished.

Vanquished Creatures (others)
  An orc wizard (D:6)
  2 orcs (D:6)
3 creatures vanquished.

Grand Total: 239 creatures vanquished

Notes
Turn   | Place    | Note
-------+----------+-------------------------------------------
     0 | D:1      | DroidLikeDroid the Hill Orc Fighter began the quest for the
                  | Orb.
     0 | D:1      | Reached XP level 1. HP: 19/19 MP: 1/1
    95 | D:1      | Reached skill level 3 in Axes
   128 | D:1      | Found Uraqypat's Weapon Emporium.
   158 | D:1      | Reached XP level 2. HP: 27/27 MP: 2/2
   396 | D:1      | Reached skill level 4 in Axes
   407 | D:1      | Reached XP level 3. HP: 33/33 MP: 3/3
  1017 | D:2      | Reached XP level 4. HP: 37/40 MP: 4/4
  1292 | D:2      | Reached skill level 5 in Axes
  1681 | D:3      | Found a runed translucent door.
  1682 | D:3      | Noticed Crazy Yiuf
  1991 | D:4      | Found a staircase to the Ecumenical Temple.
  2004 | D:4      | Noticed a scorpion
  2015 | D:4      | Killed a scorpion
  2016 | D:4      | Reached XP level 5. HP: 45/46 MP: 5/5
  2028 | Temple   | Entered the Ecumenical Temple
  2091 | Temple   | Became a worshipper of Warmaster Okawaru
  2181 | D:4      | Reached skill level 6 in Axes
  2245 | D:4      | Found a sand-covered staircase.
  2255 | Ossuary  | Entered an ossuary
  2312 | Ossuary  | Reached XP level 6. HP: 36/52 MP: 6/6
  2433 | Ossuary  | Noticed a wraith
  2433 | Ossuary  | Noticed a flying skull
  2477 | Ossuary  | Noticed a flying skull
  2478 | Ossuary  | Noticed a wraith
  2485 | Ossuary  | Killed a wraith
  2485 | Ossuary  | Reached * piety under Okawaru
  2486 | Ossuary  | Reached skill level 7 in Axes
  2486 | Ossuary  | Reached XP level 7. HP: 54/60 MP: 7/7
  2508 | Ossuary  | Noticed a flying skull
  2617 | Ossuary  | Reached skill level 8 in Axes
  2833 | Ossuary  | Noticed a flying skull
  2836 | Ossuary  | Noticed a wraith
  2841 | Ossuary  | Killed a wraith
  2842 | Ossuary  | Reached skill level 5 in Armour
  2842 | Ossuary  | Reached skill level 1 in Dodging
  3283 | D:5      | Entered Level 5 of the Dungeon
  3299 | D:5      | Identified the +2 robe of Moungag {Rampage *Slow rCorr
                  | Dex+3}
  3337 | D:5      | Reached skill level 9 in Axes
  3384 | D:5      | Identified the ring "Zeagoiq" {Fly rC- MP+9 Int+9}
  3413 | D:5      | Reached XP level 8. HP: 35/67 MP: 8/8
  3844 | D:5      | Reached skill level 5 in Fighting
  3911 | D:5      | Reached ** piety under Okawaru
  3912 | D:5      | Reached skill level 10 in Axes
  4469 | D:6      | Reached skill level 11 in Axes
  4562 | D:6      | Reached XP level 9. HP: 74/74 MP: 9/9
  4906 | D:7      | Reached *** piety under Okawaru
  5917 | D:7      | Reached skill level 12 in Axes
  6561 | D:7      | Reached skill level 5 in Shields
  6561 | D:7      | Found a runed translucent door.
  6566 | D:7      | Noticed TheScarfBastard's ghost (novice DrBe)
  6935 | D:8      | Noticed Maurice
  6943 | D:8      | Maurice stole a +5 mace
  6945 | D:8      | Maurice stole a serpent talisman
  6948 | D:8      | Maurice stole a ring of protection from fire
  6951 | D:8      | Maurice stole 103 gold
  6956 | D:8      | Killed Maurice
  7035 | D:8      | Found an ancient bone altar of Kikubaaqudgha.
  7045 | D:8      | Reached skill level 13 in Axes
  7045 | D:8      | Reached XP level 10. HP: 76/83 MP: 10/10
  7266 | D:8      | Found a radiant altar of Vehumet.
  7425 | D:8      | Found a shadowy altar of Dithmenos.
  7699 | D:9      | Reached **** piety under Okawaru
  7792 | D:9      | Reached skill level 14 in Axes
  7965 | D:9      | Found a staircase to the Orcish Mines.
  8183 | D:9      | Found Lifyzel's Magic Scroll Shoppe.
  8313 | D:9      | Bought a scroll of teleportation for 36 gold pieces
  8313 | D:9      | Bought a scroll of identify for 24 gold pieces
  8313 | D:9      | Bought a scroll of teleportation for 36 gold pieces
  8313 | D:9      | Bought a scroll of teleportation for 36 gold pieces
  8805 | D:9      | Reached ***** piety under Okawaru
  8806 | D:9      | Reached skill level 15 in Axes
  8843 | D:9      | Reached skill level 1 in Stealth
  8850 | D:9      | You are sucked into a shaft and drop 3 floors!
  8857 | D:12     | Noticed a skeletal warrior
  8869 | D:12     | Noticed a cyclops
  9019 | D:12     | Noticed a cyan ugly thing
  9051 | D:12     | Noticed a skeletal warrior
  9051 | D:12     | Noticed a skeletal warrior
  9051 | D:12     | Noticed a skeletal warrior
  9051 | D:12     | Noticed a skeletal warrior
  9051 | D:12     | Slain by a skeletal warrior

Illustrated notes

Levels and vault maps discovered:
D:1:      dpeg_arrival_subterranean_lakeside_camping, layout_loops_ring,
          serial_shops, nicolae_shop_advertising_works
          [nicolae_subvault_shop_adworks], grunt_decor_clamped, minmay_quantized
D:2:      layout_rooms
D:3:      layout_rooms, minmay_misc_feat_rows, uniq_crazy_yiuf_cottage
D:4:      layout_rooms, minmay_temple_entry_glass,
          lightli_ossuary_entry_decrepit_ruins
D:5:      layout_rooms, st_stairs_9, kennysheep_cross_room,
          nicolae_twisty_statue_hallways
D:6:      layout_rooms
D:7:      layout_basic, hellmonk_ghost_happy_afterlife, due_unseen_surprise
D:8:      layout_rooms, mainiacjoe_overflow_large_starburst,
          nicolae_dithmenos_the_darkroom, hangedman_abyss_or_decor_lesser_grid,
          chequers_arboretum, dreamdust_princess_bridge, uniq_maurice
D:9:      minmay_distorted_concentric_squares, layout_basic, zombieorc2_lemuel,
          serial_shops, nicolae_shop_tiny_glass
D:12:     layout_long_grid, slow_altar_2
Temple:   nicolae_temple_bog_church

Skill      XL: |  1  2  3  4  5  6  7  8  9 10 |
---------------+-------------------------------+-----
Axes           | 3 4 5 6 7 9 11 13 15 | 15.0
Armour         | 4 5 6 7 8 |  8.8
Fighting       | 4 5 6 7 |  7.4
Dodging        | 1 2 3 |  3.0
Shields        | 4 5 |  5.6
Stealth        | 1 |  1.0
Invocations    | |  0.2

Action                     |  1- 3 |  4- 6 |  7- 9 | 10-12 || total
---------------------------+-------+-------+-------+-------++-------
  Melee: War axe           |   109 |       |       |       ||   109
         Hand axe          |     7 |    86 |   307 |   181 ||   581
 Invoke: Heroism           |       |       |     2 |       ||     2
    Use: Scroll            |       |       |     6 |     5 ||    11
         Potion            |       |       |     1 |     1 ||     2
 Armour: Scale mail        |    98 |    32 |   125 |       ||   255
         Chain mail        |       |       |    50 |       ||    50
         Plate armour      |       |       |    39 |   151 ||   190
  Dodge: Dodged            |    50 |    29 |    88 |    40 ||   207
  Block: Buckler           |    35 |    13 |    52 |    33 ||   133

Table legend: (Time is in decaauts)
 A = Elapsed time spent in this place.
 B = Non-inter-level travel time spent in this place.
 C = Inter-level travel time spent in this place.
 D = Time resting spent in this place.
 E = Time spent auto-exploring this place.
 F = Levels seen in this place.
 G = Mean time per level.
                   A        B        C        D        E       F      G
               +--------+--------+--------+--------+--------+-----+--------+
         Total |   8963 |   8212 |    751 |   1945 |   4702 |  12 |  746.9 |
       Dungeon |   8127 |   7503 |    624 |   1615 |   4460 |  10 |  812.7 |
        Temple |    130 |      3 |    127 |      0 |      0 |   1 |  130.0 |
       Ossuary |    706 |    706 |      0 |    330 |    242 |   1 |  706.0 |
               +--------+--------+--------+--------+--------+-----+--------+

Top non-repeatable levels by time:
     D:6: 1307 daAuts
     D:7: 1218 daAuts
     D:9: 1144 daAuts
     D:5: 1025 daAuts
     D:1: 990 daAuts
     D:8: 743 daAuts
 Ossuary: 706 daAuts
     D:3: 568 daAuts
     D:2: 473 daAuts
     D:4: 455 daAuts
    D:12: 200 daAuts
  Temple: 130 daAuts
